[Event "45th FIDE Olympiad 2024"]
[Site "Budapest"]
[Date "2024.09.13"]
[Round "3.154"]
[White "Volodin, Aleksandr"]
[Black "Giron Chavez, David Emanuel"]
[Result "1/2-1/2"]
[ECO "E11"]
[WhiteElo "2457"]
[BlackElo "2065"]
[Annotator "RC"]
[PlyCount "114"]
[EventDate "2024.09.05"]
[EventType "team-tourn"]
[EventCountry "HUN"]
[SourceTitle "playchess.com"]
[Source "ChessBase"]
[SourceQuality "1"]
[WhiteTeam "Estonia"]
[BlackTeam "Guatemala"]
[WhiteTeamCountry "EST"]
[BlackTeamCountry "GUA"]
[TimeControl "40/5400+30:1800+30"]

1. d4 Nf6 2. c4 e6 3. Nf3 Bb4+ 4. Bd2 Qe7 5. g3 Nc6 6. Bg2 Bxd2+ 7. Nbxd2 d6 8. O-O O-O 9. Nb1 d5 10. Nbd2 Rd8 11. e3 e5 12. cxd5 Nxd5 13. e4 Nf6 14. d5 Nb8 15. Nc4 Bg4 16. Qb3 Bxf3 17. Bxf3 b6 18. Qc3 Nbd7 19. b4 Rac8 20. Ne3 g6 21. Rac1 Nb8 22. Ng4 Nfd7 23. Rfd1 h5 24. Ne3 c6 25. d6 Qf6 26. Bg2 Qe6 27. f4 b5 28. f5 Qf6 29. Qa3 a6 30. Rd2 g5 31. Bf1 Nb6 32. Be2 g4 33. Rcd1 Rd7 34. h3 Rcd8 35. hxg4 h4 36. gxh4 Qxh4 37. Ng2 Qh6 38. Qg3 Rxd6 39. g5 Qf8 40. Rxd6 Rxd6 41. Qxe5 Rxd1+ 42. Bxd1 N8d7 43. Qc3 c5 44. g6 fxg6 45. Qg3 cxb4 46. Bb3+ Nc4 47. Qxg6+ Qg7 48. Qe6+ Kf8 49. f6 Nxf6 50. Qxa6 Nd7 51. Qxb5 Qd4+ 52. Kh2 Qh8+ 53. Kg3 Qg7+ 54. Kh3 Qh6+ 55. Kg3 Qg7+ 56. Kf2 Qd4+ 57. Kg3 Qg7+ 1/2-1/2

[Event "45th FIDE Olympiad 2024"]
[Site "Budapest"]
[Date "2024.09.13"]
[Round "3.155"]
[White "Galvez Dastin, Eduardo"]
[Black "Seeman, Tarvo"]
[Result "0-1"]
[ECO "E90"]
[WhiteElo "2100"]
[BlackElo "2375"]
[Annotator "RC"]
[PlyCount "76"]
[EventDate "2024.09.05"]
[EventType "team-tourn"]
[EventCountry "HUN"]
[SourceTitle "playchess.com"]
[Source "ChessBase"]
[SourceQuality "1"]
[WhiteTeam "Guatemala"]
[BlackTeam "Estonia"]
[WhiteTeamCountry "GUA"]
[BlackTeamCountry "EST"]
[TimeControl "40/5400+30:1800+30"]

1. d4 g6 2. c4 Bg7 3. Nf3 d6 4. Nc3 Nf6 5. e4 Bg4 6. Be2 Bxf3 7. Bxf3 e5 8. d5 h5 9. h4 Nbd7 10. Bg5 Bh6 11. Bxh6 Rxh6 12. Qd2 Rh8 13. O-O-O Kf8 14. Rdg1 a6 15. g4 hxg4 16. Bxg4 Nxg4 17. Rxg4 Nf6 18. Rgg1 Nh5 19. Ne2 Qf6 20. Qe3 Nf4 21. Nxf4 exf4 22. Qf3 Rxh4 23. Rxh4 Qxh4 24. Rg4 Qh6 25. Rxf4 Re8 26. Kc2 Re7 27. c5 Qg5 28. Qh3 Kg7 29. Rh4 Qe5 30. Qc8 Re8 31. Qxc7 Qf6 32. Qd7 Qxh4 33. Qxe8 Qxf2+ 34. Kd3 Qxc5 35. Qe7 b5 36. b4 Qc4+ 37. Ke3 Qc3+ 38. Ke2 Qe5 0-1

[Event "45th FIDE Olympiad 2024"]
[Site "Budapest"]
[Date "2024.09.13"]
[Round "3.156"]
[White "Timoshin, Andrei"]
[Black "Garcia Fuentes, Sergio Miguel"]
[Result "1/2-1/2"]
[ECO "C47"]
[WhiteElo "2230"]
[BlackElo "2114"]
[Annotator "RC"]
[PlyCount "47"]
[EventDate "2024.09.05"]
[EventType "team-tourn"]
[EventCountry "HUN"]
[SourceTitle "playchess.com"]
[Source "ChessBase"]
[SourceQuality "1"]
[WhiteTeam "Estonia"]
[BlackTeam "Guatemala"]
[WhiteTeamCountry "EST"]
[BlackTeamCountry "GUA"]
[TimeControl "40/5400+30:1800+30"]

1. e4 e5 2. Nf3 Nc6 3. Nc3 Nf6 4. d4 exd4 5. Nxd4 Bb4 6. Nxc6 bxc6 7. Bd3 d5 8. exd5 O-O 9. O-O Bg4 10. Be2 Bxe2 11. Nxe2 cxd5 12. Bg5 Re8 13. Nd4 Bd6 14. Qf3 Be5 15. c3 Qd7 16. Bxf6 Bxf6 17. Rad1 c6 18. Nc2 Qb7 19. b3 Qa6 20. Nb4 Qb6 21. Nc2 Qa6 22. Nb4 Qb6 23. Nc2 Qa6 24. Nb4 1/2-1/2

[Event "45th FIDE Olympiad 2024"]
[Site "Budapest"]
[Date "2024.09.13"]
[Round "3.157"]
[White "Henderson De La Fuente, Lance"]
[Black "Pace, Colin"]
[Result "1-0"]
[ECO "B07"]
[WhiteElo "2519"]
[BlackElo "2186"]
[Annotator "RC"]
[PlyCount "55"]
[EventDate "2024.09.05"]
[EventType "team-tourn"]
[EventCountry "HUN"]
[SourceTitle "playchess.com"]
[Source "ChessBase"]
[SourceQuality "1"]
[WhiteTeam "Andorra"]
[BlackTeam "Malta"]
[WhiteTeamCountry "AND"]
[BlackTeamCountry "MLT"]
[TimeControl "40/5400+30:1800+30"]

1. d4 Nf6 2. Nf3 g6 3. Nbd2 Bg7 4. e4 d6 5. Bd3 O-O 6. O-O Nc6 7. c3 e5 8. dxe5 Nxe5 9. Nxe5 dxe5 10. Nc4 Nd7 11. b4 Nb6 12. Na5 Qe7 13. Be3 Rd8 14. Qc2 c6 15. Rab1 Be6 16. c4 Qc7 17. c5 Nd7 18. a4 Nxc5 19. Bxc5 b6 20. Be7 Re8 21. Nxc6 Bd7 22. b5 Bxc6 23. Bb4 a5 24. Ba3 Re6 25. bxc6 Rxc6 26. Qe2 Rd8 27. Rbc1 Rc3 28. Bb2 1-0

[Event "45th FIDE Olympiad 2024"]
[Site "Budapest"]
[Date "2024.09.13"]
[Round "3.158"]
[White "Novak, Attila Robert"]
[Black "Fluvia Poyatos, Jordi"]
[Result "1/2-1/2"]
[ECO "A46"]
[WhiteElo "2135"]
[BlackElo "2438"]
[Annotator "RC"]
[PlyCount "88"]
[EventDate "2024.09.05"]
[EventType "team-tourn"]
[EventCountry "HUN"]
[SourceTitle "playchess.com"]
[Source "ChessBase"]
[SourceQuality "1"]
[WhiteTeam "Malta"]
[BlackTeam "Andorra"]
[WhiteTeamCountry "MLT"]
[BlackTeamCountry "AND"]
[TimeControl "40/5400+30:1800+30"]

1. d4 Nf6 2. Nf3 e6 3. g3 b5 4. Bg2 Bb7 5. a4 b4 6. c4 c5 7. e3 Qc7 8. b3 Be7 9. Bb2 O-O 10. O-O d5 11. Nbd2 Nbd7 12. Rc1 Rfd8 13. Qc2 Rac8 14. Qb1 Qb8 15. Rfd1 dxc4 16. Nxc4 Qa8 17. Ne1 Bxg2 18. Nxg2 Ne4 19. h4 Bf6 20. Nd2 Nxd2 21. Rxd2 Ne5 22. Ne1 cxd4 23. Rxc8 Rxc8 24. Bxd4 Ng4 25. Qd1 h5 26. Rc2 Rxc2 27. Nxc2 Bxd4 28. Nxd4 Qd5 29. Qc2 Ne5 30. Qc8+ Kh7 31. Qc2+ Kg8 32. Qc8+ Kh7 33. Qc2+ g6 34. Qc7 a5 35. f4 Nd7 36. Qc6 Nc5 37. Qxd5 exd5 38. Kf2 Kg7 39. Kf3 f5 40. Ke2 Kf7 41. Kf3 Ke7 42. Kf2 Kd6 43. Kf3 Ne4 44. Kg2 Nc5 1/2-1/2

[Event "45th FIDE Olympiad 2024"]
[Site "Budapest"]
[Date "2024.09.13"]
[Round "3.159"]
[White "Ribera Veganzones, Serni"]
[Black "Mizzi, Jack"]
[Result "1-0"]
[ECO "C75"]
[WhiteElo "2309"]
[BlackElo "2053"]
[Annotator "RC"]
[PlyCount "93"]
[EventDate "2024.09.05"]
[EventType "team-tourn"]
[EventCountry "HUN"]
[SourceTitle "playchess.com"]
[Source "ChessBase"]
[SourceQuality "1"]
[WhiteTeam "Andorra"]
[BlackTeam "Malta"]
[WhiteTeamCountry "AND"]
[BlackTeamCountry "MLT"]
[TimeControl "40/5400+30:1800+30"]

1. e4 e5 2. Nf3 Nc6 3. Bb5 a6 4. Ba4 d6 5. O-O Nge7 6. c3 Ng6 7. d4 Bd7 8. Be3 Be7 9. Nbd2 O-O 10. a3 exd4 11. cxd4 d5 12. exd5 Nb8 13. Bb3 Bf5 14. Ne5 Bd6 15. Qf3 Qf6 16. Ndc4 Nxe5 17. dxe5 Bxe5 18. Nxe5 Qxe5 19. Bf4 Qxb2 20. Bxc7 Bg6 21. h4 Nd7 22. d6 Kh8 23. Bd5 Ne5 24. Qg3 f6 25. Rfd1 Bc2 26. Ra2 Qxa2 27. Bxa2 Bxd1 28. Bd5 Rae8 29. Bxb7 Ba4 30. Bxa6 Bd7 31. Bb7 f5 32. Qc3 f4 33. f3 Rf6 34. Bb6 Rxd6 35. Bd4 Rde6 36. Bd5 R6e7 37. Bc5 Rc8 38. Bb7 Rc7 39. Qa5 Rxb7 40. Bxe7 Nc6 41. Qc5 h6 42. Bd6 Rb1+ 43. Kh2 Rd1 44. Bxf4 Rd3 45. Be3 Rd1 46. a4 Kg8 47. a5 1-0

[Event "45th FIDE Olympiad 2024"]
[Site "Budapest"]
[Date "2024.09.13"]
[Round "3.160"]
[White "Zerafa, Patrick"]
[Black "Ribera Veganzones, Josep Maria"]
[Result "1-0"]
[ECO "A13"]
[WhiteElo "1986"]
[BlackElo "2167"]
[Annotator "RC"]
[PlyCount "91"]
[EventDate "2024.09.05"]
[EventType "team-tourn"]
[EventCountry "HUN"]
[SourceTitle "playchess.com"]
[Source "ChessBase"]
[SourceQuality "1"]
[WhiteTeam "Malta"]
[BlackTeam "Andorra"]
[WhiteTeamCountry "MLT"]
[BlackTeamCountry "AND"]
[TimeControl "40/5400+30:1800+30"]

1. Nf3 d5 2. e3 Nf6 3. c4 e6 4. b3 Bd6 5. Bb2 O-O 6. g3 b6 7. Bg2 Bb7 8. O-O Re8 9. Nc3 Nbd7 10. Rc1 a6 11. Qc2 Qe7 12. Ba1 Rac8 13. Rfe1 c5 14. d3 e5 15. Nh4 Qe6 16. e4 d4 17. Ne2 g6 18. Bb2 Bc6 19. Rf1 b5 20. Qd2 Rb8 21. h3 a5 22. f4 a4 23. f5 Qe7 24. Rf2 bxc4 25. bxc4 a3 26. Bxa3 Ra8 27. Bb2 Rxa2 28. Ra1 Rxa1+ 29. Bxa1 Nh5 30. Kh2 Ra8 31. Bb2 Bc7 32. Qh6 Ra2 33. fxg6 fxg6 34. Nxg6 Qd6 35. Ne7+ Qxe7 36. Qxc6 Rxb2 37. Qxc7 Rd2 38. Qc8+ Kg7 39. Bf3 Nhf6 40. g4 Rxd3 41. Ng3 Kg6 42. Nf5 Qe8 43. Qc6 Qb8 44. g5 Kxg5 45. h4+ Kg6 46. Qe6 1-0

[Event "45th FIDE Olympiad 2024"]
[Site "Budapest"]
[Date "2024.09.13"]
[Round "3.161"]
[White "Ortega Amarelle, Mariano"]
[Black "Romanov, Evgeny"]
[Result "0-1"]
[ECO "E32"]
[WhiteElo "2453"]
[BlackElo "2567"]
[Annotator "RC"]
[PlyCount "106"]
[EventDate "2024.09.05"]
[EventType "team-tourn"]
[EventCountry "HUN"]
[SourceTitle "playchess.com"]
[Source "ChessBase"]
[SourceQuality "1"]
[WhiteTeam "Cape Verde"]
[BlackTeam "North Macedonia"]
[TimeControl "40/5400+30:1800+30"]

1. d4 Nf6 2. c4 e6 3. Nc3 Bb4 4. Qc2 d6 5. e3 O-O 6. Bd3 c5 7. Nge2 Nc6 8. O-O Bxc3 9. Qxc3 b6 10. a3 a5 11. b3 Ba6 12. Bb2 cxd4 13. Nxd4 Ne5 14. Bc2 Rc8 15. a4 Nd5 16. Qd2 Nb4 17. Rfc1 Qh4 18. f4 Ng4 19. Nf3 Qe7 20. e4 Bb7 21. Re1 e5 22. Rac1 Qc7 23. h3 Qc5+ 24. Kh1 Nxc2 25. Rxc2 Nf6 26. fxe5 Nxe4 27. Qd4 dxe5 28. Qxe5 Qxe5 29. Bxe5 Rfe8 30. Bd4 Re6 31. Kh2 Rd8 32. Rce2 h6 33. Bg1 f5 34. Nd4 Rf6 35. g4 g6 36. gxf5 gxf5 37. Rf1 f4 38. Rg2+ Ng3 39. Rxf4 Rxf4 40. Rxg3+ Kf7 41. Rg4 Rf1 42. Be3 h5 43. Rg5 h4 44. Rf5+ Rxf5 45. Nxf5 Bc8 46. Nd4 Kg6 47. Kg2 Re8 48. Bf2 Kh5 49. Kh2 Bb7 50. Kg1 Rg8+ 51. Kf1 Bg2+ 52. Ke1 Bxh3 53. Nf3 Re8+ 0-1

[Event "45th FIDE Olympiad 2024"]
[Site "Budapest"]
[Date "2024.09.13"]
[Round "3.162"]
[White "Lazov, Toni"]
[Black "Alho, Diogo"]
[Result "1-0"]
[ECO "C04"]
[WhiteElo "2360"]
[BlackElo "2192"]
[Annotator "RC"]
[PlyCount "119"]
[EventDate "2024.09.05"]
[EventType "team-tourn"]
[EventCountry "HUN"]
[SourceTitle "playchess.com"]
[Source "ChessBase"]
[SourceQuality "1"]
[WhiteTeam "North Macedonia"]
[BlackTeam "Cape Verde"]
[TimeControl "40/5400+30:1800+30"]

1. e4 e6 2. d4 d5 3. Nd2 Nc6 4. Ngf3 Nf6 5. e5 Nd7 6. Bd3 Nb4 7. Be2 c5 8. c3 Nc6 9. O-O g5 10. Nb3 h6 11. Ne1 Qb6 12. Kh1 a5 13. a4 Be7 14. f4 c4 15. Nd2 Nf8 16. b3 cxb3 17. Nd3 Ng6 18. Nxb3 Qc7 19. Bh5 b6 20. Be3 Ba6 21. f5 exf5 22. Rxf5 Bc8 23. Rf2 Be6 24. Nbc1 Qd7 25. Rb1 Bd8 26. Ne2 Nce7 27. Ng3 Rc8 28. Bd2 Nf5 29. Nxf5 Bxf5 30. Rxf5 Qxf5 31. Bg4 Qxd3 32. Bxc8 Nh4 33. Rb2 O-O 34. Kg1 Bc7 35. Bb7 Qe4 36. Be1 Rd8 37. Qe2 Qxe2 38. Rxe2 Ng6 39. g3 Ne7 40. Rf2 Kg7 41. Rf6 Rd7 42. Ba6 Ng8 43. Rf2 Bd8 44. Kg2 Rc7 45. Kf3 f6 46. Kg4 fxe5 47. dxe5 Re7 48. Re2 Bc7 49. Kf5 Rd7 50. Bf2 Rd8 51. Bd4 Ne7+ 52. Ke6 Ng6 53. Bb5 h5 54. Rf2 Nf8+ 55. Kf5 Kh6 56. Be3 Nh7 57. Ke6 Bb8 58. Bxb6 Rg8 59. Kxd5 Rc8 60. e6 1-0

[Event "45th FIDE Olympiad 2024"]
[Site "Budapest"]
[Date "2024.09.13"]
[Round "3.163"]
[White "Mirulla, David"]
[Black "Risteski, Emil"]
[Result "0-1"]
[ECO "B33"]
[WhiteElo "1904"]
[BlackElo "2367"]
[Annotator "RC"]
[PlyCount "54"]
[EventDate "2024.09.05"]
[EventType "team-tourn"]
[EventCountry "HUN"]
[SourceTitle "playchess.com"]
[Source "ChessBase"]
[SourceQuality "1"]
[WhiteTeam "Cape Verde"]
[BlackTeam "North Macedonia"]
[TimeControl "40/5400+30:1800+30"]

1. e4 c5 2. Nf3 Nc6 3. d4 cxd4 4. Nxd4 Nf6 5. Nc3 d6 6. f3 e5 7. Ndb5 a6 8. Na3 b5 9. Nd5 Nxd5 10. Qxd5 Qb6 11. c4 Be6 12. Qd3 Be7 13. cxb5 Nd4 14. bxa6 O-O 15. Nb5 d5 16. Nxd4 exd4 17. e5 f6 18. exf6 Bxf6 19. Be2 Bf5 20. Qb5 Qe6 21. Kf2 Rfb8 22. Qa5 d3 23. Bd1 Rxa6 24. Qe1 Bd4+ 25. Kf1 Qxe1+ 26. Kxe1 Re6+ 27. Kd2 Be3+ 0-1

[Event "45th FIDE Olympiad 2024"]
[Site "Budapest"]
[Date "2024.09.13"]
[Round "3.164"]
[White "Zlatkov, Anton"]
[Black "Barros, Luis"]
[Result "1-0"]
[ECO "B42"]
[WhiteElo "2346"]
[BlackElo "1814"]
[Annotator "RC"]
[PlyCount "65"]
[EventDate "2024.09.05"]
[EventType "team-tourn"]
[EventCountry "HUN"]
[SourceTitle "playchess.com"]
[Source "ChessBase"]
[SourceQuality "1"]
[WhiteTeam "North Macedonia"]
[BlackTeam "Cape Verde"]
[TimeControl "40/5400+30:1800+30"]

1. e4 c5 2. Nf3 e6 3. d4 cxd4 4. Nxd4 a6 5. Bd3 Qc7 6. Qe2 d6 7. O-O Nf6 8. c4 Nbd7 9. b3 Be7 10. Bb2 Nc5 11. Bc2 b6 12. Nc3 O-O 13. f4 Bb7 14. f5 Rae8 15. b4 e5 16. Nf3 Ncd7 17. Bd3 Nb8 18. Rac1 Bd8 19. a4 Qe7 20. Nd5 Nxd5 21. cxd5 Bxd5 22. exd5 e4 23. f6 gxf6 24. Nh4 f5 25. Nxf5 Qg5 26. Bxe4 Nd7 27. Rc3 Qg6 28. Rg3 Bg5 29. h4 f6 30. h5 Rxe4 31. Qxe4 Re8 32. Qf3 Qf7 33. Nh6+ 1-0

[Event "45th FIDE Olympiad 2024"]
[Site "Budapest"]
[Date "2024.09.13"]
[Round "3.165"]
[White "Mohammad Fahad, Rahman"]
[Black "Michaelides, Konstantinos"]
[Result "1-0"]
[ECO "C55"]
[WhiteElo "2419"]
[BlackElo "2297"]
[Annotator "RC"]
[PlyCount "77"]
[EventDate "2024.09.05"]
[EventType "team-tourn"]
[EventCountry "HUN"]
[SourceTitle "playchess.com"]
[Source "ChessBase"]
[SourceQuality "1"]
[WhiteTeam "Bangladesh"]
[BlackTeam "Cyprus"]
[WhiteTeamCountry "BAN"]
[BlackTeamCountry "CYP"]
[TimeControl "40/5400+30:1800+30"]

1. e4 e5 2. Nf3 Nc6 3. Bc4 Nf6 4. d3 h6 5. c3 d6 6. a4 g6 7. a5 a6 8. Qb3 Qe7 9. O-O Bg7 10. Re1 O-O 11. Nbd2 Kh8 12. d4 Nh7 13. dxe5 dxe5 14. Qc2 f5 15. b4 Qf6 16. Ba3 Rd8 17. Rad1 f4 18. Nb3 Bf8 19. Rxd8 Nxd8 20. Qd3 Bd6 21. Nc5 Qe7 22. Bb3 Nf6 23. Rd1 Nc6 24. Bd5 Bxc5 25. bxc5 Nxd5 26. exd5 e4 27. Qd2 exf3 28. dxc6 bxc6 29. Qxf4 Kh7 30. Bc1 g5 31. Qxf3 Be6 32. Qe4+ Kg7 33. Be3 Re8 34. Bd4+ Kf8 35. Qg6 Qf7 36. Qxh6+ Ke7 37. Be3 Bd5 38. c4 Qe6 39. Qxg5+ 1-0

[Event "45th FIDE Olympiad 2024"]
[Site "Budapest"]
[Date "2024.09.13"]
[Round "3.166"]
[White "Isaakidis, Alexandros"]
[Black "Manon, Reja Neer"]
[Result "1/2-1/2"]
[ECO "B10"]
[WhiteElo "2155"]
[BlackElo "2417"]
[Annotator "RC"]
[PlyCount "54"]
[EventDate "2024.09.05"]
[EventType "team-tourn"]
[EventCountry "HUN"]
[SourceTitle "playchess.com"]
[Source "ChessBase"]
[SourceQuality "1"]
[WhiteTeam "Cyprus"]
[BlackTeam "Bangladesh"]
[WhiteTeamCountry "CYP"]
[BlackTeamCountry "BAN"]
[TimeControl "40/5400+30:1800+30"]

1. e4 c6 2. d3 d5 3. Nd2 g6 4. Ngf3 Bg7 5. g3 e5 6. Bg2 Ne7 7. O-O O-O 8. Re1 Qc7 9. c3 Re8 10. d4 exd4 11. Nxd4 c5 12. Nb5 Qd7 13. a4 a6 14. Na3 d4 15. cxd4 Qxd4 16. Ndc4 b5 17. e5 Qxd1 18. Rxd1 Ra7 19. Nd6 Rd8 20. axb5 axb5 21. Be3 Bxe5 22. Ndxb5 Rxd1+ 23. Rxd1 Rd7 24. Rxd7 Nxd7 25. Nc4 Bb8 26. Bh3 Ne5 27. Nxe5 Bxh3 1/2-1/2

[Event "45th FIDE Olympiad 2024"]
[Site "Budapest"]
[Date "2024.09.13"]
[Round "3.167"]
[White "Hossain, Enamul"]
[Black "Savva, Panikos"]
[Result "1-0"]
[ECO "B48"]
[WhiteElo "2354"]
[BlackElo "1973"]
[Annotator "RC"]
[PlyCount "73"]
[EventDate "2024.09.05"]
[EventType "team-tourn"]
[EventCountry "HUN"]
[SourceTitle "playchess.com"]
[Source "ChessBase"]
[SourceQuality "1"]
[WhiteTeam "Bangladesh"]
[BlackTeam "Cyprus"]
[WhiteTeamCountry "BAN"]
[BlackTeamCountry "CYP"]
[TimeControl "40/5400+30:1800+30"]

1. e4 c5 2. Nf3 e6 3. d4 cxd4 4. Nxd4 Nc6 5. Nc3 Qc7 6. Be3 a6 7. Qf3 Nf6 8. O-O-O Ne5 9. Qg3 d6 10. f4 Ng6 11. Be2 Bd7 12. Qf2 h5 13. h3 h4 14. g4 hxg3 15. Qxg3 O-O-O 16. h4 Ne7 17. Qf2 Kb8 18. Nb3 Nc8 19. h5 Bc6 20. Bf3 Be7 21. Kb1 d5 22. exd5 Nxd5 23. Nxd5 Bxd5 24. Bxd5 Rxd5 25. Rxd5 exd5 26. Qg2 Bf6 27. Qxd5 Nb6 28. Bxb6 Qxb6 29. Qxf7 Qb5 30. a3 Qf5 31. h6 Rc8 32. Na1 Qe4 33. Rd1 Qe2 34. Rc1 Qb5 35. Nb3 Qe8 36. Qxe8 Rxe8 37. h7 1-0

[Event "45th FIDE Olympiad 2024"]
[Site "Budapest"]
[Date "2024.09.13"]
[Round "3.168"]
[White "Kefalas, Loukas"]
[Black "Zia, Tahsin Tajwar"]
[Result "0-1"]
[ECO "A34"]
[WhiteElo "1912"]
[BlackElo "2255"]
[Annotator "RC"]
[PlyCount "54"]
[EventDate "2024.09.05"]
[EventType "team-tourn"]
[EventCountry "HUN"]
[SourceTitle "playchess.com"]
[Source "ChessBase"]
[SourceQuality "1"]
[WhiteTeam "Cyprus"]
[BlackTeam "Bangladesh"]
[WhiteTeamCountry "CYP"]
[BlackTeamCountry "BAN"]
[TimeControl "40/5400+30:1800+30"]

1. c4 c5 2. Nf3 Nf6 3. g3 Nc6 4. Bg2 d5 5. cxd5 Nxd5 6. Nc3 Nc7 7. O-O e5 8. d3 Be7 9. a3 O-O 10. Nd2 Be6 11. Nc4 f6 12. f4 exf4 13. Bxf4 Nd5 14. Nxd5 Bxd5 15. Bh3 b5 16. Ne3 Bf7 17. Nf5 Nd4 18. Nxe7+ Qxe7 19. Rf2 Rad8 20. Qf1 Rfe8 21. Re1 c4 22. e4 Nb3 23. dxc4 Bxc4 24. Qg2 Nc5 25. Rd2 Nd3 26. Re3 Qc5 27. Kh1 Nxf4 0-1

[Event "45th FIDE Olympiad 2024"]
[Site "Budapest"]
[Date "2024.09.13"]
[Round "3.169"]
[White "Allam, Mohamed"]
[Black "Ziska, Helgi Dam"]
[Result "0-1"]
[ECO "B90"]
[WhiteElo "2053"]
[BlackElo "2553"]
[Annotator "RC"]
[PlyCount "102"]
[EventDate "2024.09.05"]
[EventType "team-tourn"]
[EventCountry "HUN"]
[SourceTitle "playchess.com"]
[Source "ChessBase"]
[SourceQuality "1"]
[WhiteTeam "Palestine"]
[BlackTeam "Faroe Islands"]
[WhiteTeamCountry "PLE"]
[BlackTeamCountry "FAI"]
[TimeControl "40/5400+30:1800+30"]

1. e4 c5 2. Nf3 d6 3. d4 cxd4 4. Nxd4 Nf6 5. Nc3 a6 6. Rg1 h6 7. g4 g5 8. Be3 Rg8 9. h4 e6 10. hxg5 hxg5 11. Qd2 Nfd7 12. Rh1 Ne5 13. Be2 Be7 14. a4 Nbd7 15. f3 Ng6 16. a5 Nge5 17. Rh5 b5 18. axb6 Nxb6 19. b3 Bb7 20. Na4 Nxa4 21. Rxa4 d5 22. exd5 Bxd5 23. Kf2 Bb7 24. c3 Nd7 25. Qa2 Nf6 26. Rh3 Nd5 27. Bxa6 Nxc3 28. Qc2 Bxa6 29. Qxc3 Rc8 30. Qa5 Qxa5 31. Rxa5 Bb7 32. Rh1 Bd5 33. Rd1 Rh8 34. Kg2 Rc3 35. Bf2 Bf6 36. Be1 Bxd4 37. Bxc3 Bxc3 38. Rdxd5 exd5 39. Rxd5 Bf6 40. Rf5 Be7 41. f4 f6 42. b4 Rh4 43. Kg3 Rh1 44. b5 Rg1+ 45. Kf3 Rf1+ 46. Ke4 Rb1 47. Kf3 Rb3+ 48. Ke4 Rb4+ 49. Kf3 gxf4 50. Rxf4 Rxb5 51. Kg2 Rb4 0-1

[Event "45th FIDE Olympiad 2024"]
[Site "Budapest"]
[Date "2024.09.13"]
[Round "3.170"]
[White "Nielsen, Hogni Egilstoft"]
[Black "Seder, Mohammed"]
[Result "1-0"]
[ECO "C11"]
[WhiteElo "2379"]
[BlackElo "2116"]
[Annotator "RC"]
[PlyCount "65"]
[EventDate "2024.09.05"]
[EventType "team-tourn"]
[EventCountry "HUN"]
[SourceTitle "playchess.com"]
[Source "ChessBase"]
[SourceQuality "1"]
[WhiteTeam "Faroe Islands"]
[BlackTeam "Palestine"]
[WhiteTeamCountry "FAI"]
[BlackTeamCountry "PLE"]
[TimeControl "40/5400+30:1800+30"]

1. e4 e6 2. Nf3 d5 3. Nc3 Nf6 4. e5 Nfd7 5. d4 c5 6. dxc5 Nc6 7. Bf4 Bxc5 8. Bd3 a6 9. O-O Nd4 10. Re1 b6 11. Nxd4 Bxd4 12. Qg4 Kf8 13. Bg5 f6 14. exf6 Bxf6 15. Qxe6 Bxg5 16. Qxd5 Ra7 17. Ne4 Bh4 18. Re3 Bb7 19. Qd6+ Be7 20. Qf4+ Nf6 21. Nxf6 Bxf6 22. Rae1 g5 23. Re8+ Kg7 24. Rxd8 gxf4 25. Rd7+ Kh6 26. Re6 Rf8 27. Rxh7+ Kg5 28. f3 Bxf3 29. h4+ Kg4 30. gxf3+ Kxf3 31. Rxa7 Bxb2 32. Be2+ Kg3 33. Rg6+ 1-0

[Event "45th FIDE Olympiad 2024"]
[Site "Budapest"]
[Date "2024.09.13"]
[Round "3.171"]
[White "Michel Yunis, Christian D."]
[Black "Egilstoft, Rogvi"]
[Result "1-0"]
[ECO "D31"]
[WhiteElo "2220"]
[BlackElo "2278"]
[Annotator "RC"]
[PlyCount "65"]
[EventDate "2024.09.05"]
[EventType "team-tourn"]
[EventCountry "HUN"]
[SourceTitle "playchess.com"]
[Source "ChessBase"]
[SourceQuality "1"]
[WhiteTeam "Palestine"]
[BlackTeam "Faroe Islands"]
[WhiteTeamCountry "PLE"]
[BlackTeamCountry "FAI"]
[TimeControl "40/5400+30:1800+30"]

1. d4 d5 2. c4 e6 3. Nc3 a6 4. cxd5 exd5 5. Nf3 c6 6. Bg5 Be7 7. Bxe7 Qxe7 8. Qc2 g6 9. Nxd5 Qd6 10. Nc3 Nf6 11. e4 Bg4 12. e5 Qe7 13. Be2 Nd5 14. h3 Be6 15. Qd2 Nd7 16. O-O O-O 17. Rfe1 Nxc3 18. bxc3 b5 19. Bd3 Bd5 20. Be4 Rfd8 21. Bxd5 cxd5 22. Nh2 Kg7 23. f4 f5 24. exf6+ Qxf6 25. Ng4 Qf7 26. Ne5 Nxe5 27. Rxe5 Re8 28. Rf1 Rad8 29. f5 Rxe5 30. dxe5 Kh8 31. f6 Re8 32. Qd4 Rf8 33. e6 1-0

[Event "45th FIDE Olympiad 2024"]
[Site "Budapest"]
[Date "2024.09.13"]
[Round "3.172"]
[White "Rodgaard, John"]
[Black "Abdel Wahab, Ahmad"]
[Result "1/2-1/2"]
[ECO "E06"]
[WhiteElo "2273"]
[BlackElo "1995"]
[Annotator "RC"]
[PlyCount "61"]
[EventDate "2024.09.05"]
[EventType "team-tourn"]
[EventCountry "HUN"]
[SourceTitle "playchess.com"]
[Source "ChessBase"]
[SourceQuality "1"]
[WhiteTeam "Faroe Islands"]
[BlackTeam "Palestine"]
[WhiteTeamCountry "FAI"]
[BlackTeamCountry "PLE"]
[TimeControl "40/5400+30:1800+30"]

1. c4 e6 2. g3 d5 3. Bg2 Nf6 4. Nf3 Be7 5. O-O O-O 6. d4 dxc4 7. Qc2 c6 8. Qxc4 b5 9. Qb3 Nbd7 10. Bg5 Bb7 11. Nc3 a6 12. Rfd1 Qb6 13. Ne5 Rad8 14. e3 c5 15. Nxd7 Rxd7 16. dxc5 Bxc5 17. Bxf6 Rxd1+ 18. Qxd1 gxf6 19. Qg4+ Kh8 20. Bxb7 Qxb7 21. Rd1 Be7 22. Ne2 Rd8 23. Rxd8+ Bxd8 24. Qd4 Be7 25. Qd3 Qc7 26. b3 Kg8 27. Qd2 f5 28. Nf4 Bf6 29. Nh5 Qd8 30. Qc2 Be5 31. Nf4 1/2-1/2

[Event "45th FIDE Olympiad 2024"]
[Site "Budapest"]
[Date "2024.09.13"]
[Round "3.173"]
[White "Mesfin, Leykun"]
[Black "Ashiku, Franc"]
[Result "0-1"]
[ECO "B45"]
[WhiteElo "2118"]
[BlackElo "2400"]
[Annotator "RC"]
[PlyCount "74"]
[EventDate "2024.09.05"]
[EventType "team-tourn"]
[EventCountry "HUN"]
[SourceTitle "playchess.com"]
[Source "ChessBase"]
[SourceQuality "1"]
[WhiteTeam "Ethiopia"]
[BlackTeam "Albania"]
[WhiteTeamCountry "ETH"]
[BlackTeamCountry "ALB"]
[TimeControl "40/5400+30:1800+30"]

1. e4 c5 2. Nf3 e6 3. Nc3 Nc6 4. d4 cxd4 5. Nxd4 Nf6 6. Nxc6 bxc6 7. e5 Nd5 8. Ne4 Bb7 9. c4 Nb4 10. Bg5 Qc7 11. f4 c5 12. Nd6+ Bxd6 13. exd6 Qc6 14. Qd2 f6 15. Bh4 Qe4+ 16. Kd1 Qg6 17. a3 Qg4+ 18. Be2 Qxh4 19. axb4 cxb4 20. Ra5 O-O 21. Qe3 f5 22. Bf3 Bxf3+ 23. Qxf3 Rac8 24. Rxa7 Rxc4 25. Rxd7 Rxf4 26. g3 Rd4+ 27. Kc1 Qg5+ 28. Kb1 Rd8 29. Qc6 h6 30. Re1 b3 31. Qc7 Ra8 32. h4 Qg4 33. Qc1 Ra1+ 34. Kxa1 Ra4+ 35. Kb1 Ra1+ 36. Kxa1 Qa4+ 37. Kb1 Qa2# 0-1